 Dungeon Crawl Stone Soup version 0.18-a0-1418-ga86aa8f (webtiles) character file.

724 Tomstefer the Cudgeler (level 7, -2/51 HPs)
             Began as a Demonspawn Gladiator on Feb 26, 2016.
             Was a Follower of Makhleb.
             Slain by an ogre
             ... wielding a +0 giant club
              (24 damage)
             ... on level 6 of the Dungeon.
             The game lasted 00:07:24 (3099 turns).

Tomstefer the Cudgeler (Demonspawn Gladiator)       Turns: 3099, Time: 00:07:24

Health: -2/51      AC: 16    Str: 17    XL:     7   Next: 43%
Magic:  7/7        EV:  1    Int:  9    God:    Makhleb [*.....]
Gold:   180        SH:  7    Dex: 14    Spells: 0 memorised, 6 levels left

rFire  . . .     SeeInvis .     b - +0 whip
rCold  . . .     Gourm    .     I - +0 crystal plate armour
rNeg   . . .     Faith    .     o - +2 buckler
rPois  .         Spirit   .     c - +0 helmet
rElec  .         Dismiss  .     v - +0 cloak
rCorr  +         Reflect  .     (no gloves)
SustAt .         Harm     .     (no boots)
MR     .....                    (no amulet)
Stlth  ..........               (no ring)
                                q - ring of resist corrosion

@: not resistant to hostile enchantments, extremely unstealthy
A: claws 1, spiny 2
a: Renounce Religion


You were on level 6 of the Dungeon.
You worshipped Makhleb.
Makhleb was aware of your devotion.
You were not hungry.

You visited 1 branch of the dungeon, and saw 6 of its levels.

You collected 180 gold pieces.

Inventory:

Hand Weapons
 a - a +0 flail
 b - a +0 whip (weapon)
Missiles
 d - 6 throwing nets (quivered)
Armour
 c - a +0 helmet (worn)
 g - a +2 ring mail of fire resistance
 l - a +0 pair of gloves
 o - a +2 buckler (worn)
 v - a +0 cloak (worn)
 I - a +0 crystal plate armour (worn)
Jewellery
 q - a ring of resist corrosion (left claw)
 s - an uncursed amulet of faith {unknown}
Wands
 y - a wand of iceblast (9/15)
Scrolls
 e - a scroll of fog {unknown}
 h - 4 scrolls of identify {unknown}
 k - a scroll of noise {unknown}
 n - 6 scrolls of remove curse {unknown}
 p - a scroll of recharging {unknown}
 t - a scroll of immolation {unknown}
 w - a scroll of enchant armour {unknown}
 x - 2 scrolls of magic mapping {unknown}
 z - a scroll of teleportation {unknown}
 A - 2 scrolls of enchant weapon {unknown}
 B - a scroll of blinking {unknown}
 E - a scroll of random uselessness {unknown}
Potions
 i - 3 potions of degeneration {unknown}
 j - 4 potions of curing {unknown}
 m - a potion of magic {unknown}
 C - a potion of ambrosia {unknown}
 D - 2 potions of berserk rage {unknown}
 G - 2 potions of mutation {unknown}
 H - a potion of cure mutation {unknown}
Comestibles
 f - a bread ration
 r - a meat ration
 u - a slice of pizza
 F - 7 chunks of flesh


   Skills:
 + Level 2.8 Fighting
 + Level 6.4 Maces & Flails
 - Level 1.7 Throwing
 - Level 2.6 Dodging
 - Level 4.1 Shields


You had 6 spell levels left.
You didn't know any spells.

Dungeon Overview and Level Annotations

Branches:
Dungeon (7/15)             Temple (0/1) D:4

Altars:
Elyvilon
Kikubaaqudgha
Makhleb
Okawaru
Ru
The Shining One


Innate Abilities, Weirdness & Mutations

You have sharp fingernails.
You are mostly covered in sharp spines.


Message History

The ogre is struck by your spines. The ogre hits you with a giant club.
The crimson imp spits at you. 2 orcs come into view.
You completely miss the ogre.
The ogre is moderately wounded.
The orc shouts! x2
You hit the ogre but do no damage.
The ogre is moderately wounded.
The ogre hits you with a giant club!!
An orc comes into view.
The orc shouts!
You hit the ogre.
The ogre is moderately wounded.
The ogre barely misses you.
You closely miss the ogre.
The ogre is moderately wounded.
Your crystal plate armour prevents you from hitting the ogre.
The ogre is moderately wounded.
The ogre is struck by your spines. The ogre hits you with a giant club!!
You die...

#...# #.....#
##...###.....#
#....'......>#
#....###...###
#....###...#
#..........#
#..........#
#.#........#
#.#.....@..#
#.#......O.#
#........#
#.....o5.Co
#......o.o..
#######...o...
.......
.......


You could see a hill giant, an ogre, a crimson imp and 5 orcs.

Vanquished Creatures
  2 phantoms (D:4)
  A giant frog (D:6)
  A howler monkey (D:4)
  A gnoll shaman (D:4)
  A hound (D:4)
  Terence (D:3)
  An iguana (D:6)
  Natasha (thrice) (D:4)
  2 orc wizards (D:4)
  2 worker ants
  4 gnolls (D:4)
  4 adders
  A worm (D:4)
  2 dart slugs (D:3)
  3 giant geckos
  13 orcs
  5 bats
  3 giant cockroaches
  5 goblins
  9 hobgoblins
  2 jackals (D:1)
  A quokka (D:3)
  3 giant newts
  3 kobolds
  A quokka zombie (D:3)
  8 rats
82 creatures vanquished.

Notes
Turn   | Place    | Note
--------------------------------------------------------------
     0 | D:1      | Tomstefer the Demonspawn Gladiator began the quest for the Orb.
     0 | D:1      | Reached XP level 1. HP: 16/16 MP: 1/1
   170 | D:1      | Reached skill level 3 in Maces & Flails
   385 | D:1      | Gained mutation: You are partially covered in sharp spines. [demonic ancestry]
   385 | D:1      | Reached XP level 2. HP: 20/22 MP: 2/2
   829 | D:1      | Gained mutation: You are mostly covered in sharp spines. [demonic ancestry]
   829 | D:1      | Reached XP level 3. HP: 27/27 MP: 3/3
   921 | D:2      | Found a faded altar to an unknown god.
   929 | D:2      | Reached skill level 4 in Maces & Flails
  1613 | D:3      | Found an ancient bone altar of Kikubaaqudgha.
  1680 | D:3      | Reached skill level 1 in Shields
  1731 | D:3      | Noticed Terence
  1752 | D:3      | Killed Terence
  1752 | D:3      | Reached XP level 4. HP: 31/33 MP: 4/4
  1908 | D:3      | Found a burning altar of Makhleb.
  1918 | D:3      | Became a worshipper of Makhleb the Destroyer
  2185 | D:4      | Gained mutation: You have sharp fingernails. [demonic ancestry]
  2185 | D:4      | Reached XP level 5. HP: 34/38 MP: 5/5
  2283 | D:4      | Found a sacrificial altar of Ru.
  2291 | D:4      | Reached skill level 5 in Maces & Flails
  2395 | D:4      | Noticed a phantom
  2406 | D:4      | Reached XP level 6. HP: 42/44 MP: 6/6
  2406 | D:4      | Reached * piety under Makhleb
  2529 | D:4      | Found a white marble altar of Elyvilon.
  2530 | D:4      | Found a glowing golden altar of the Shining One.
  2532 | D:4      | Found an iron altar of Okawaru.
  2721 | D:4      | Noticed Natasha
  2740 | D:4      | Killed Natasha
  2771 | D:4      | Found a staircase to the Ecumenical Temple.
  2836 | D:4      | Noticed Natasha
  2839 | D:4      | Killed Natasha
  2855 | D:4      | Reached skill level 6 in Maces & Flails
  2855 | D:4      | Reached XP level 7. HP: 50/50 MP: 7/7
  2897 | D:4      | Noticed Natasha
  2904 | D:4      | Killed Natasha
  3020 | D:4      | You fall through a shaft for 3 floors!
  3094 | D:6      | Noticed a hill giant
  3099 | D:6      | Slain by an ogre

Vault maps used:
D:1:      lightli_arrival_boilingwater, st_stairs_1
D:2:      ecumenical_altar_1
D:3:      lightli_temple_of_fire, nicolae_overflow_crystal_walls, uniq_terence
D:4:      old_standard_altar, gammafunk_temple_overflow_claw,
          minmay_temple_entry_poolview, grunt_ministairs_9, uniq_natasha
D:6:      kennysheep_six_static_rooms, serial_shops, shop, enter_ossuary_4
D:7:      nemelex_deck, serial_shops, shop, grunt_pakellas_salt

Skill      XL: |  1  2  3  4  5  6 |
---------------+-------------------+-----
Maces & Flails | 3 4 5 6 |  6.4
Shields        | 1 2 4 |  4.1
Fighting       | |  2.8
Throwing       | |  1.7
Dodging        | |  2.6

Action                   |  1- 3 |  4- 6 |  7- 9 || total
-------------------------+-------+-------+-------++-------
Melee: Flail             |    35 |       |       ||    35
       Whip              |    66 |   110 |    32 ||   208
  Eat: Chunk             |     3 |     3 |     1 ||     7
